 Dungeon Crawl Stone Soup version 0.29-a0-330-g52719c12eb (webtiles) character file.

Game seed: 63746120532451140

159 Crownlay the Magician (level 5, -1/31 HPs)
             Began as an Octopode Earth Elementalist on Apr 24, 2022.
             Was a Believer of Makhleb.
             Slain by a yak (2 damage)
             ... on level 4 of the Dungeon.
             The game lasted 00:05:44 (3768 turns).

Crownlay the Magician (Octopode Earth Elementalist) Turns: 3768, Time: 00:05:45

Health: -1/31      AC:  1    Str:  7    XL:     5   Next: 40%
Magic:  5/11       EV: 13    Int: 19    God:    Makhleb [**....]
Gold:   247        SH:  0    Dex: 13    Spells: 8/12 levels left

rFire   . . .      SeeInvis .   k - +3 dagger (elec)
rCold   . . .      Faith    .   (no shield)
rNeg    . . .      Spirit   .   (helmet restricted)
rPois   .          Reflect  .   (no amulet)
rElec   .          Harm     .   (no ring)
rCorr   .          Rampage  .   (no ring)
Will    .....                   (no ring)
Stlth   +++.......              (no ring)
HPRegen 0.10/turn               (no ring)
MPRegen 0.12/turn               (no ring)
                                (no ring)
                                (no ring)

@: very slightly contaminated
A: almost no armour, amphibious, 8 rings, camouflage 1, gelatinous body 1,
(nimble swimmer 1), tentacles
a: Renounce Religion, Minor Destruction


You were on level 4 of the Dungeon.
You worshipped Makhleb.
Makhleb was pleased with you.
You visited 1 branch of the dungeon, and saw 4 of its levels.

You collected 247 gold pieces.

Inventory:

Hand Weapons
 k - a +3 dagger of electrocution (weapon)
Missiles
 a - 57 stones
 o - 2 silver javelins
Armour
 q - a +0 buckler
Jewellery
 g - a ring of ice
 i - a +6 ring of dexterity
Wands
 r - a wand of paralysis (1)
Scrolls
 c - a scroll of brand weapon
 d - 2 scrolls of teleportation
 e - 2 scrolls of magic mapping
 h - a scroll of amnesia
 m - a scroll of enchant armour
 u - a scroll of noise {unknown}
Potions
 b - 2 potions of magic
 f - 2 potions of curing
 j - a potion of ambrosia {unknown}
 l - a potion of invisibility {unknown}
 n - a potion of resistance {unknown}
 p - a potion of lignification {unknown}
 s - a potion of attraction {unknown}
 t - a potion of haste {unknown}


   Skills:
 - Level 2.0 Dodging
 - Level 2.6 Stealth
 + Level 1.2 Shields
 * Level 4.1 Spellcasting
 - Level 1.0 Transmutations
 + Level 4.0 Earth Magic


You had 8 spell levels left.
You knew the following spells:

 Your Spells              Type           Power      Damage    Failure   Level
a - Sandblast             Erth           38%        2d10      2%          1
b - Stone Arrow           Conj/Erth      22%        3d8       19%         3

Your spell library contained the following spells:

 Spells                   Type           Power      Damage    Failure   Level
 Passwall                 Tmut/Erth      10%        N/A       8%          2
 Shock                    Conj/Air       12%        1d3       14%         1
 Call Canine Familiar     Summ           3%         N/A       38%         3
 Dazzling Flash           Conj/Hex       6%         N/A       38%         3
 Portal Projectile        Hex/Tloc       6%         N/A       38%         3
 Swiftness                Air            3%         N/A       38%         3
 Petrify                  Tmut/Erth      13%        N/A       43%         4
 Leda's Liquefaction      Hex/Erth       5%         N/A       52%         4
 Airstrike                Air            1%         N/A       80%         4
 Iskenderun's Mystic Bla  Conj/Tloc      3%         2d3       80%         4
 Starburst                Conj/Fire      1%         6d3       100%        6


Dungeon Overview and Level Annotations

Branches:
Dungeon (4/15)
 Temple: D:4-7

Altars:
Makhleb

Shops:
D:1 =

Annotations:
D:4 2 runed translucent doors


Innate Abilities, Weirdness & Mutations

You cannot wear most types of armour.
You are amphibious.
You can wear up to eight rings at the same time.
Your skin changes colour to match your surroundings (Stealth+).
Your rubbery body absorbs attacks. (AC +1, EV +1)
((You are camouflaged when in or above water. (Stealth+)))
You have tentacles for arms and can constrict up to eight enemies at once.


Message History

Aiming: Sandblast (safe; 2% risk of failure)
Press: ? - help, Shift-Dir - straight line, f/p - yak
Aim: a yak (lightly wounded, 87% to hit)
The blast of sand hits the yak!
The yak is moderately wounded.
The yak gores you!
Casting: Sandblast (safe; 2% risk of failure)
Confirm with . or Enter, or press ? or * to list all spells.
Aiming: Sandblast (safe; 2% risk of failure)
Press: ? - help, Shift-Dir - straight line, f/p - yak
Aim: a yak (moderately wounded, 87% to hit)
The blast of sand hits the yak.
The yak is heavily wounded.
The yak misses you.
Casting: Sandblast (safe; 2% risk of failure)
Confirm with . or Enter, or press ? or * to list all spells.
Aiming: Sandblast (safe; 2% risk of failure)
Press: ? - help, Shift-Dir - straight line, f/p - yak
Aim: a yak (heavily wounded, 87% to hit)
The blast of sand hits the yak!
The yak is severely wounded.
The yak gores you!
Casting: Sandblast (safe; 2% risk of failure)
Confirm with . or Enter, or press ? or * to list all spells.
Aiming: Sandblast (safe; 2% risk of failure)
Press: ? - help, Shift-Dir - straight line, f/p - yak
Aim: a yak (severely wounded, 87% to hit)
The blast of sand hits the yak but does no damage.
The yak is severely wounded.
The yak gores you!
* * * LOW HITPOINT WARNING * * *
Casting: Sandblast (safe; 2% risk of failure)
Confirm with . or Enter, or press ? or * to list all spells.
Aiming: Sandblast (safe; 2% risk of failure)
Press: ? - help, Shift-Dir - straight line, f/p - yak
Aim: a yak (severely wounded, 87% to hit)
The blast of sand hits the yak.
The yak is almost dead.
The yak gores you.
You die...

###........#......##
...<.........#.....#
..#.#####.###..###'#
..#.# #.# #.##.#.###
..#.# #.# #.#.#.##)#
..#.# #.###.#.###..
..#.# #.....#†#..#
..#.# #####.#.#Y##:#
..#.# ####.##@...#
..# #.....###### ..#
#.###....... ..# #.#
#####.. .####
##.######## .##≈#
#..........
.##≈#####..########
.#≈≈≈##.#..#
.#≈≈≈≈##...#


You could see a yak.

Vanquished Creatures
  A hound (D:4)
  An iguana (D:4)
  2 adders
  2 worms
  2 dart slugs
  3 orcs
  9 bats
  7 endoplasms
  A giant cockroach (D:3)
  9 hobgoblins
  3 jackals (D:1)
  3 kobolds
  5 quokkas
  2 ball pythons (D:1)
  7 frilled lizards
  6 goblins
  7 rats
  3 bushes (D:1)
73 creatures vanquished.

Notes
Turn   | Place    | Note
-------+----------+-------------------------------------------
     0 | D:1      | Crownlay the Octopode Earth Elementalist began the quest
                  | for the Orb.
     0 | D:1      | Reached XP level 1. HP: 11/11 MP: 3/3
   117 | D:1      | Found a faded altar of an unknown god.
   149 | D:1      | Prayed at the altar of an unknown god.
   149 | D:1      | Became a worshipper of Makhleb the Destroyer
   149 | D:1      | Reached * piety under Makhleb
   157 | D:1      | Found Kukuz's Jewellery Emporium.
   189 | D:1      | Reached XP level 2. HP: 14/17 MP: 0/5
   898 | D:1      | Reached XP level 3. HP: 21/21 MP: 7/7
   902 | D:1      | Learned a level 3 spell: Stone Arrow
  2642 | D:2      | Reached XP level 4. HP: 27/27 MP: 9/9
  2753 | D:3      | Reached ** piety under Makhleb
  3563 | D:4      | Reached XP level 5. HP: 31/31 MP: 10/10
  3680 | D:4      | Found a large runed translucent door.
  3681 | D:4      | Found a large runed translucent door.
  3683 | D:4      | Noticed an orc warrior
  3692 | D:4      | Reached skill level 1 in Shields
  3758 | D:4      | Noticed a yak
  3767 | D:4      | HP: 1/31 [yak (12)]
  3768 | D:4      | Slain by a yak

Illustrated notes

Levels and vault maps discovered:
D:1:      co_arrival_random_square_maze, layout_basic,
          hellmonk_ecumenical_altar_pennies_from_heaven, serial_forest,
          infiniplex_forest_lined_2, infiniplex_forest_end_2,
          infiniplex_forest_lined_room_2, infiniplex_forest_clump_long,
          infiniplex_forest_end_1, infiniplex_forest_lined_3,
          infiniplex_forest_lined_corner, infiniplex_forest_end_2,
          infiniplex_forest_straight_2, serial_shops, nicolae_shop_behind_doors,
          minmay_misc_feat_rugged, minmay_misc_feat_secret_circle,
          minmay_misc_feat_chi
D:2:      layout_basic
D:3:      layout_loops_ring, kennysheep_generic_room_6
D:4:      layout_loops_ring, chequers_serial_rivers_large_a,
          minmay_misc_feat_rows, hex_medium, st_stairs_12,
          minmay_hollow_rounded_squares

Skill      XL: |  1  2  3  4  5 |
---------------+----------------+-----
Spellcasting   | 3 4 |  4.1
Shields        | 1 |  1.2
Earth Magic    | 4 |  4.0
Dodging        | |  2.0
Stealth        | |  2.6
Transmutations | |  1.0

Action                   |  1- 3 |  4- 6 || total
-------------------------+-------+-------++-------
Melee: Unarmed           |    28 |       ||    28
       Tentacles         |    55 |     6 ||    61
       Constrict         |    23 |    11 ||    34
       Short sword       |    14 |       ||    14
       Whip              |   119 |       ||   119
       Dagger            |    16 |    45 ||    61
       Punch             |       |     1 ||     1
 Cast: Sandblast         |    12 |     5 ||    17
  Use: Scroll            |       |     8 ||     8
 Stab: Sleeping          |     7 |     7 ||    14
Armor: Skin              |     5 |     1 ||     6
Dodge: Dodged            |    43 |    25 ||    68

Table legend: (Time is in decaauts)
 A = Elapsed time spent in this place.
 B = Non-inter-level travel time spent in this place.
 C = Inter-level travel time spent in this place.
 D = Time resting spent in this place.
 E = Time spent auto-exploring this place.
 F = Levels seen in this place.
 G = Mean time per level.
                   A        B        C        D        E       F      G
               +--------+--------+--------+--------+--------+-----+--------+
         Total |   3779 |   3720 |     59 |      0 |   3123 |   4 |  944.8 |
       Dungeon |   3779 |   3720 |     59 |      0 |   3123 |   4 |  944.8 |
               +--------+--------+--------+--------+--------+-----+--------+

Top non-repeatable levels by time:
     D:1: 2066 daAuts
     D:3: 814 daAuts
     D:2: 679 daAuts
     D:4: 218 daAuts
